 Dungeon Crawl Stone Soup version 0.26-a0-631-ged93497179 (webtiles) character file.

Game seed: 11510789218552224753

417 DogServant the Ruffian (level 6, 62/62 HPs)
             Began as a Troll Monk on Sept 12, 2020.
             Was a Believer of Nemelex Xobeh.
             Quit the game in the Ecumenical Temple.
             The game lasted 00:09:50 (3672 turns).

DogServant the Ruffian (Troll Monk)                 Turns: 3672, Time: 00:09:50

Health: 62/62      AC:  6    Str: 22    XL:     6   Next: 61%
Magic:  5/5        EV: 10    Int:  6    God:    Nemelex Xobeh [**....]
Gold:   238        SH:  0    Dex: 12    Spells: 4/5 levels left

rFire    . . .     SeeInvis .     - Unarmed
rCold    . . .     Faith    .   (no shield)
rNeg     . . .     Spirit   .   a - +0 robe
rPois    .         Reflect  .   (helmet restricted)
rElec    .         Harm     .   (no cloak)
rCorr    .         Rampage  .   (gloves unavailable)
MR       .....                  (boots unavailable)
Stlth    ++........             (no amulet)
HPRegen  0.60/turn              (no ring)
MPRegen  0.09/turn              (no ring)

@: no status effects
A: large, unfitting armour, claws 3, regeneration 1, shaggy fur 1, tough skin 3
a: Draw Escape, Draw Destruction, Draw Summoning, Renounce Religion


You were in the Ecumenical Temple.
You worshipped Nemelex Xobeh.
Nemelex Xobeh was pleased with you.
You visited 2 branches of the dungeon, and saw 7 of its levels.

You collected 238 gold pieces.

Inventory:

Missiles
 i - 2 atropa-tipped darts (quivered)
Armour
 a - a +0 robe (worn)
 o - a +0 cloak
Jewellery
 g - an uncursed amulet of magic regeneration
 j - a +4 ring of evasion
 u - a cursed ring of teleportation
Wands
 n - a wand of iceblast (8)
Scrolls
 b - 4 scrolls of remove curse
 e - 2 scrolls of magic mapping
 f - 3 scrolls of teleportation
 k - 4 scrolls of random uselessness
 m - a scroll of fear {unknown}
 p - 4 scrolls of enchant armour {unknown}
 v - a scroll of enchant weapon {unknown}
Potions
 c - a potion of brilliance {unknown}
 d - a potion of might
 h - a potion of heal wounds {unknown}
 l - 2 potions of mutation {unknown}
 q - 2 potions of resistance {unknown}
 r - a potion of magic {unknown}
 s - a potion of flight {unknown}
 t - a potion of curing {unknown}
 w - a potion of cancellation {unknown}


   Skills:
 + Level 3.9 Fighting
 - Level 2.5 Dodging
 - Level 1.0 Stealth
 * Level 6.2 Unarmed Combat
 * Level 0.9 Transmutations


You had 4 spell levels left.
You knew the following spells:

 Your Spells              Type           Power        Failure   Level
a - Beastly Appendage     Tmut           #.....       34%         1

Your spell library contained the following spells:

 Spells                   Type           Power        Failure   Level
 Wereblood                Tmut           #.......     45%         2
 Spider Form              Tmut/Pois      #.........   77%         3
 Ice Form                 Ice/Tmut       #.......     99%         4
 Blade Hands              Tmut           #.........   100%        5


Dungeon Overview and Level Annotations

Branches:
Dungeon (6/15)             Temple (1/1) D:4

Altars:
Ashenzari
Dithmenos
Elyvilon
Fedhas
Gozag
Kikubaaqudgha
Makhleb
Nemelex Xobeh
Okawaru
Qazlal
Sif Muna
Uskayaw
Vehumet
Wu Jian
Xom
Yredelemnul
The Shining One

Annotations:
D:4 Eustachio
D:6 2 runed translucent doors, Descartes's ghost, novice NaWr


Innate Abilities, Weirdness & Mutations

You are too large for most types of armour.
You have claws for hands.
Your natural rate of healing is unusually fast.
You are covered in fur. (AC +1)
You have extremely tough skin. (AC +3)


Message History

Found a sparkling altar of Nemelex Xobeh and a blossoming altar of Fedhas.
There is a staircase back to the Dungeon here.
Found a shattered altar of Ashenzari and a shimmering blue altar of Sif Muna.
Found an opulent altar of Gozag.
Found a glowing golden altar of the Shining One.
Found a stormy altar of Qazlal.
Found a basalt altar of Yredelemnul.
Found an ornate altar of the Wu Jian Council.
There is a sparkling altar of Nemelex Xobeh here.
You kneel at the altar of Nemelex Xobeh.
Nemelex Xobeh welcomes you! Nemelex Xobeh deals you some cards!
You now have 1 escape card, 5 destruction cards and 1 summoning card.
Nemelex Xobeh deals you some cards!
You now have 4 escape cards, 12 destruction cards and 3 summoning cards.
Nemelex Xobeh deals you some cards!
You now have 5 escape cards, 16 destruction cards and 3 summoning cards.
You can now draw from decks of power.
Okay, then.
Are you sure you want to abandon this character and quit the game? (Confirm with "yes".)

................._....#.....♣
.......<..............#.....♣
................._....#....♣♣
......................#.....♣
.....................##....♣♣
....................##......♣
..................### ......♣
..................# ......
..............@...# .. ...
............# ...
......_.....#....
............#....
_..........##....
....#.....##.....
...########...... ..#
......... ## ..........


There were no monsters in sight!

Vanquished Creatures
  An ice beast (D:5)
  An iguana (D:4)
  Terence (D:2)
  A hound skeleton (D:4)
  4 gnolls (D:3)
  10 adders
  An ufetubus (D:5)
  An ooze (D:1)
  2 adder skeletons
  7 worms
  The ghost of TryExcept the Sneak, a weakling DgDe (D:5)
  5 dart slugs
  2 leopard geckos
  2 orcs (D:3)
  2 ball pythons (D:4)
  8 bats
  7 giant cockroaches
  9 goblins
  6 hobgoblins
  9 jackals
  A quokka (D:4)
  7 frilled lizards
  3 kobolds
  2 rats (D:3)
93 creatures vanquished.

Vanquished Creatures (others)
  A kobold (D:1)
  A rat (D:1)
2 creatures vanquished.

Grand Total: 95 creatures vanquished

Notes
Turn   | Place    | Note
-------+----------+-------------------------------------------
     0 | D:1      | DogServant the Troll Monk began the quest for the Orb.
     0 | D:1      | Reached XP level 1. HP: 22/22 MP: 0/0
   243 | D:1      | Reached XP level 2. HP: 29/29 MP: 1/1
   844 | D:2      | Reached XP level 3. HP: 36/36 MP: 2/2
   911 | D:2      | Noticed Terence
   920 | D:2      | Killed Terence
   920 | D:2      | Reached skill level 4 in Unarmed Combat
   921 | D:2      | Reached XP level 4. HP: 23/45 MP: 3/3
  1275 | D:2      | Reached XP level 5. HP: 45/53 MP: 4/4
  1365 | D:2      | Reached skill level 5 in Unarmed Combat
  1598 | D:3      | You fall into a shaft and drop 3 floors!
  1632 | D:6      | Noticed a sky beast
  1706 | D:6      | Found a large runed translucent door.
  1706 | D:6      | Found a large runed translucent door.
  1709 | D:6      | Noticed Descartes's ghost (novice NaWr)
  1779 | D:6      | Noticed an ice beast
  1793 | D:5      | Entered Level 5 of the Dungeon
  1798 | D:5      | HP: 2/53 [ice beast (5)]
  1799 | D:5      | Killed an ice beast
  1799 | D:5      | Reached XP level 6. HP: 3/62 MP: 5/5
  1937 | D:5      | Found a hide-covered altar of Uskayaw.
  1937 | D:5      | Found an ancient bone altar of Kikubaaqudgha.
  1937 | D:5      | Found a radiant altar of Vehumet.
  1937 | D:5      | Found a white marble altar of Elyvilon.
  2009 | D:5      | Reached skill level 6 in Unarmed Combat
  2073 | D:5      | Learned a level 1 spell: Beastly Appendage
  2224 | D:5      | Found a burning altar of Makhleb.
  2225 | D:5      | Found a shadowy altar of Dithmenos.
  2344 | D:5      | Found a runed translucent gate.
  2344 | D:5      | Found a runed translucent gate.
  2344 | D:5      | Found a runed translucent gate.
  2348 | D:5      | Noticed TryExcept's ghost (weakling DgDe)
  2363 | D:5      | Killed TryExcept's ghost
  2832 | D:4      | Noticed Eustachio
  2897 | D:3      | Found an iron altar of Okawaru.
  3463 | D:4      | Found a shimmering altar of Xom.
  3501 | D:4      | Found a staircase to the Ecumenical Temple.
  3621 | Temple   | Entered the Ecumenical Temple
  3671 | Temple   | Became a worshipper of Nemelex Xobeh the Trickster
  3671 | Temple   | Received a gift from Nemelex Xobeh
  3671 | Temple   | Reached * piety under Nemelex Xobeh
  3671 | Temple   | Received a gift from Nemelex Xobeh
  3671 | Temple   | Received a gift from Nemelex Xobeh
  3671 | Temple   | Reached ** piety under Nemelex Xobeh
  3672 | Temple   | Quit the game

Illustrated notes

Levels and vault maps discovered:
D:1:      nagdon_arrival_double_spiral, layout_loops_ring, lemuel_flame_loot_1
D:2:      layout_rooms, kennysheep_generic_room_2, uniq_terence
D:3:      layout_basic, okawaru_trees_1
D:4:      layout_rooms, minmay_temple_entry_poolview, grunt_ministairs_9,
          chequers_serial_rivers_room_a, xom_redecorated, uniq_eustachio
D:5:      layout_loops_corners, chequers_temple_overflow_statue_of_worship,
          minitemple, ebering_ghost_rock_garden
D:6:      layout_loops_cross, tgw_trog, ebering_ghost_disaster_area
Temple:   nicolae_temple_great_sept

Skill      XL: |  1  2  3  4  5  6 |
---------------+-------------------+-----
Fighting       | 3 |  3.9
Unarmed Combat | 4 5 6 |  6.2
Dodging        | |  2.5
Stealth        | |  1.0
Transmutations | |  0.9

Action                   |  1- 3 |  4- 6 || total
-------------------------+-------+-------++-------
Melee: Unarmed           |    47 |   194 ||   241
       Punch             |       |     5 ||     5
  Use: Potion            |       |     1 ||     1
       Scroll            |       |     9 ||     9
 Stab: Sleeping          |     4 |     3 ||     7
Armor: Robe              |    18 |    53 ||    71
Dodge: Dodged            |    17 |   113 ||   130

Table legend: (Time is in decaauts)
 A = Elapsed time spent in this place.
 B = Non-inter-level travel time spent in this place.
 C = Inter-level travel time spent in this place.
 D = Time resting spent in this place.
 E = Time spent auto-exploring this place.
 F = Levels seen in this place.
 G = Mean time per level.
                   A        B        C        D        E       F      G
               +--------+--------+--------+--------+--------+-----+--------+
         Total |   3652 |   3516 |    136 |      0 |   2764 |   7 |  521.7 |
       Dungeon |   3601 |   3465 |    136 |      0 |   2720 |   6 |  600.2 |
        Temple |     50 |     50 |      0 |      0 |     44 |   1 |   50.0 |
               +--------+--------+--------+--------+--------+-----+--------+

Top non-repeatable levels by time:
     D:5: 939 daAuts
     D:1: 820 daAuts
     D:3: 758 daAuts
     D:2: 588 daAuts
     D:4: 300 daAuts
     D:6: 194 daAuts
  Temple: 50 daAuts
